 Dungeon Crawl Stone Soup version 0.22-a0-388-g09e6169 (webtiles) character file.

20186 sankara the Thaumaturge (level 12, -15/86 HPs)
             Began as a Mummy Necromancer on Apr 29, 2018.
             Was a High Priest of Kikubaaqudgha.
             Killed by the air
             ... invoked by Gastronok
              (25 damage)
             ... on level 2 of the Lair of Beasts.
             The game lasted 01:33:14 (23369 turns).

sankara the Thaumaturge (Mummy Necromancer)        Turns: 23369, Time: 01:33:15

Health: -15/86     AC:  5    Str: 17    XL:     12   Next: 43%
Magic:  1/28       EV: 21    Int: 18    God:    Kikubaaqudgha [*****.]
Gold:   677        SH:  5    Dex: 14    Spells: 4/35 levels left

rFire    . . .     SeeInvis .   b - +3 falchion
rCold    + + .     Gourm    .   G - +0 buckler
rNeg     + + +     Faith    .   C - +3 robe of Mirth {MR+ Str+6}
rPois    ∞         Spirit   .   (no helmet)
rElec    .         Reflect  .   f - scarf {rC+ rF+}
rCorr    +         Harm     .   (no gloves)
MR       ++...                  (no boots)
Stlth    +++.......             (no amulet)
HPRegen  0.24/turn              t - +6 ring of evasion
MPRegen  0.21/turn              J - ring of resist corrosion

@: no status effects
A: no food or potions, fire vulnerability, cold resistance 1, negative energy
resistance 3, torment resistance, unbreathing
a: Receive Corpses, Torment, Renounce Religion


You were on level 2 of the Lair of Beasts.
You worshipped Kikubaaqudgha.
Kikubaaqudgha was extremely pleased with you.
You were not hungry.

You visited 3 branches of the dungeon, and saw 14 of its levels.
You also visited: Sewer.

You collected 677 gold pieces.

Inventory:

Hand Weapons
 a - a +3 dagger of venom
   (You took it off a crimson imp on level 5 of the Dungeon)
 b - a +3 falchion (weapon)
   (You took it off an orc on level 6 of the Dungeon)
 k - a +0 blowgun
   (You took it off a kobold in a sewer)
 z - a +0 whip of flaming
   (You took it off Pikel on level 6 of the Dungeon)
 L - the cursed +2 hunting sling of Bile {freeze, rPois SInv}
   (You found it on level 10 of the Dungeon)

   It causes projectiles fired from it to freeze those they strike, causing
   extra injury to most foes and up to half again as much damage against
   particularly susceptible opponents.
   They can also slow down cold-blooded creatures.
   It protects you from poison.
   It lets you see invisible.
   It has a curse placed upon it.
Missiles
 e - 313 stones (quivered)
 j - 147 sling bullets
 n - 5 tomahawks
 q - 4 javelins of penetration
 y - 70 poisoned needles
 N - 2 throwing nets {=f, !d}
Armour
 f - a scarf of resistance (worn)
   (You found it on level 2 of the Dungeon)
 A - the +4 ring mail "Teblupsi" {+Blink Int+3, unknown}
   (You found it on level 7 of the Dungeon)

   It affects your intelligence (+3).
   It lets you blink.
 C - the +3 robe of Mirth (worn) {MR+ Str+6}
   (You found it on level 7 of the Dungeon)

   It affects your strength (+6).
   It affects your resistance to hostile enchantments.
 G - a +0 buckler (worn)
   (You found it on level 8 of the Dungeon)
Magical Staves
 p - an uncursed staff of air {rElec}
   (You found it on level 10 of the Dungeon)
Jewellery
 r - an uncursed ring of ice {rC+, rF-}
   (You found it on level 5 of the Dungeon)
 t - a +6 ring of evasion (left hand)
   (You took it off an orc on level 5 of the Dungeon)
 w - an uncursed ring of ice {rC+, rF-}
   (You found it on level 6 of the Dungeon)
 H - an uncursed ring of ice {rC+, rF-}
   (You found it on level 8 of the Dungeon)
 J - a ring of resist corrosion (right hand)
   (You found it on level 10 of the Dungeon)
 M - an uncursed ring of stealth {unknown}
   (You found it on level 1 of the Lair of Beasts)
Wands
 i - a wand of paralysis (31)
   (You found it on level 5 of the Dungeon)
 s - a wand of random effects (34)
   (You took it off an orc on level 5 of the Dungeon)
 D - a wand of iceblast (27)
   (You found it on level 8 of the Dungeon)
 E - a wand of clouds (6)
   (You found it on level 8 of the Dungeon)
 F - a wand of flame (11)
   (You took it off a big kobold on level 8 of the Dungeon)
 K - a wand of enslavement (8)
   (You took it off an orc wizard on level 10 of the Dungeon)
 O - a wand of scattershot (4)
   (You found it on level 1 of the Lair of Beasts)
Scrolls
 c - 2 scrolls of fear {unknown}
 d - a scroll of acquirement {unknown}
 g - 6 scrolls of identify
 h - 4 scrolls of teleportation
 l - 4 scrolls of remove curse
 m - a scroll of magic mapping {!r}
 o - a scroll of torment {unknown}
 u - 4 scrolls of enchant weapon
 v - a scroll of noise {unknown}
 x - 5 scrolls of immolation {unknown}
 B - 2 scrolls of amnesia {unknown}
 I - a scroll of silence {unknown}
 P - a scroll of summoning


   Skills:
 - Level 5.0 Fighting
 - Level 5.0 Dodging
 - Level 5.1 Stealth
 - Level 4.0 Shields
 - Level 12.1 Spellcasting
 - Level 6.0 Conjurations
 + Level 11.3 Necromancy
 - Level 6.0 Earth Magic


You had 4 spell levels left.
You knew the following spells:

 Your Spells              Type           Power        Failure   Level  Hunger
a - Pain                  Necr           ####         1%          1    N/A
b - Vampiric Draining     Necr           ######....   1%          3    N/A
c - Animate Skeleton      Necr           N/A          1%          1    N/A
d - Animate Dead          Necr           N/A          1%          4    N/A
e - Corpse Rot            Necr           N/A          1%          2    N/A
f - Agony                 Necr           ######..     1%          5    N/A
g - Dispel Undead         Necr           ######..     1%          5    N/A
h - Bolt of Draining      Conj/Necr      #####.....   4%          5    N/A
i - Borgnjor's Vile Clut  Necr/Erth      #####.....   4%          5    N/A

Dungeon Overview and Level Annotations

Branches:
Dungeon (11/15)            Temple (1/1) D:4            Lair (2/6) D:9
 Shoals (0/4) Lair:2          Orc (0/2) D:9
  Snake: Lair:2-4    Spider: Lair:2-4

Altars:
Ashenzari
Cheibriados
Dithmenos
Elyvilon
Fedhas
Gozag
Hepliaklqana
Kikubaaqudgha
Makhleb
Nemelex Xobeh
Okawaru
Qazlal
Ru
Sif Muna
Trog
Uskayaw
Vehumet
Wu Jian
Xom
Yredelemnul
Zin
The Shining One

Shops:
D:7 *   D:11 :

Annotations:
Lair:2 Gastronok


Innate Abilities, Weirdness & Mutations

You do not eat or drink.
Your flesh is vulnerable to fire.
You are immune to poison.
Your flesh is cold resistant. (rC+)
You are immune to negative energy. (rN+++)
You are immune to unholy pain and torment.
You can survive without breathing.


Message History

Gastronok bites your worker ant zombie! The worker ant misses you.
Your worker ant zombie bites the worker ant but does no damage.
The worker ant barely misses something.
The worker ant bites you.
* * * LOW HITPOINT WARNING * * *
The worker ant closely misses you. The worker ant bites you.
* * * LOW HITPOINT WARNING * * *
Casting: Pain (safe; 1% risk of failure)
Confirm with . or Enter, or press ? or * to list all spells.
You call on the dead to rise...
The dead are hopping and crawling!
The worker ant closely misses you. The worker ant misses you.
You riposte.
You closely miss the worker ant.
The worker ant is moderately wounded.
The worker ant closely misses you. x2
Your bullfrog zombie hits the worker ant.
Your bullfrog zombie hits something but does no damage.
You swap places.
A worker ant comes into view.
Something bites your bullfrog zombie!
Your bullfrog zombie hits the soldier ant but does no damage.
The worker ant bites the plant.
Something bites your bullfrog zombie.
You swap places.
Your bullfrog zombie barely misses the soldier ant.
Your bullfrog zombie closely misses the worker ant.
The worker ant bites the plant but does no damage.
The soldier ant stings your bullfrog zombie!
The worker ant completely misses your bullfrog zombie.
Your bullfrog zombie hits the soldier ant but does no damage.
Your bullfrog zombie hits the worker ant.
The worker ant bites the plant but does no damage.
Your worker ant zombie misses the worker ant.
Your spiny frog zombie hits the soldier ant!
Casting: Animate Dead (safe; 1% risk of failure)
Confirm with . or Enter, or press ? or * to list all spells.
Aiming: Pain (safe; 1% risk of failure)
Press: ? - help, Shift-Dir - straight line, f/p - Gastronok
Aim: Gastronok, wearing a glowing hat (heavily wounded, covering ground quickly, hasn't noticed you, chance to defeat MR: 37%) Gastronok resists with almost no effort.
The soldier ant stings your bullfrog zombie.
Your bullfrog zombie barely misses the worker ant.
Your bullfrog zombie barely misses the soldier ant.
The worker ant bites your bullfrog zombie!
The worker ant bites the plant but does no damage.
Your worker ant zombie closely misses the worker ant.
Your spiny frog zombie completely misses the soldier ant.
You can't drink.
As you read the scroll labeled LUV QI GILLYLI, it crumbles to dust.
Wisps of shadow whirl around you...
It was a scroll of summoning.
The worker ant barely misses your worker ant zombie.
Your bullfrog zombie hits the worker ant.
Your bullfrog zombie hits the soldier ant but does no damage.
The soldier ant stings your bullfrog zombie.
The worker ant misses your bullfrog zombie.
The worker ant bites the plant but does no damage.
Gastronok casts a spell.
The worker ant barely misses your worker ant zombie.
Your spiny frog zombie hits the soldier ant.
Your worker ant zombie closely misses the worker ant.
What are your orders? t - Shout!
Orders for allies: a - Attack new target. p - Attack previous target. r - Retreat! s - Stop attacking. g - Guard the area. f - Follow me.
Anything else - Cancel.
Gang up on whom?
Press: ? - help, Dir - move target cursor, f/p - Gastronok
Aim: Gastronok, wearing a glowing hat (heavily wounded, covering ground quickly)
Okay, then.
Your bullfrog zombie completely misses the soldier ant.
Your bullfrog zombie barely misses the worker ant.
The worker ant bites your bullfrog zombie!
The soldier ant stings your spiny frog zombie.
The worker ant bites the plant but does no damage.
Your blink frog blinks! x2
The worker ant bites your worker ant zombie.
Your bullfrog zombie hits the soldier ant.
Your bullfrog zombie barely misses the worker ant.
Your worker ant zombie barely misses the worker ant.
Your spiny frog zombie closely misses the soldier ant.
What are your orders? t - Shout!
Orders for allies: a - Attack new target. p - Attack previous target. r - Retreat! s - Stop attacking. g - Guard the area. f - Follow me.
Anything else - Cancel.
Gang up on whom?
Press: ? - help, Dir - move target cursor, f/p - Gastronok
Aim: Gastronok, wearing a glowing hat (heavily wounded, covering ground quickly) Attack!
The worker ant barely misses your bullfrog zombie.
The worker ant bites the plant.
Your water moccasin bites Gastronok but does no damage.
The soldier ant stings your bullfrog zombie!
Your bullfrog zombie completely misses the worker ant.
Your bullfrog zombie hits the plant but does no damage.
Gastronok waves his eye-stalks in wide circles.
The air twists around and strikes you!
You die...
Kikubaaqudgha rasps: "You have failed me!
Welcome... oblivion!"

....####.#...#.#....##
.............#.##...#
.......##....#.P..#.##
....P#..##P..a.......#
...............a..wP.###
...P.#..###..##Z!.S#.#.#
....##. ##..###...#..#
....#..P##..Z#P##rF§.F#
............aaaZ@Z..#..#
......(......a#Za.S...##
....#.###.####Z#.###....#
.. ## #..###a#.#..## #.##
#.#...# #. ..#..# #.
##.## .. #


You could see Gastronok, a soldier ant, 5 worker ants, a rat, 2 friendly blink
frogs, 2 friendly water moccasins, 2 friendly bullfrog zombies, a friendly spiny
frog zombie and 2 friendly worker ant zombies.

Vanquished Creatures
  Erolcha (D:9)
  A hydra (Lair:1)
  Harold (Lair:1)
  3 two-headed ogres
  Pikel (D:6)
  An ugly thing (D:10)
  The ghost of Curus the Martial Artist, a novice MfTm of Okawaru (D:4)
  A manticore (Lair:2)
  Joseph (D:7)
  A spiny frog (Lair:1)
  A komodo dragon (Lair:1)
  A rime drake (Lair:2)
  2 trolls (D:10)
  A slime creature (Lair:1)
  A hornet (D:10)
  3 hippogriffs
  A shadow (D:11)
  2 wyverns
  A basilisk (Lair:1)
  16 yaks
  2 vampire mosquitoes
  A hungry ghost (D:9)
  Edmund (D:5)
  5 water moccasins
  A soldier ant (Lair:2)
  6 orc warriors
  3 porcupines (Lair:2)
  7 ice beasts
  3 sky beasts
  2 phantoms
  4 necrophages
  5 ogres
  5 centaurs
  5 crocodiles
  2 big kobolds (Sewer)
  14 bullfrogs
  2 scorpions
  5 killer bees (D:7)
  A howler monkey (D:9)
  3 crimson imps
  A bullfrog zombie (D:11)
  Crazy Yiuf (D:7)
  3 hounds
  5 jellies
  A quasit (D:7)
  A gnoll shaman (D:5)
  7 orc priests
  8 orc wizards
  2 bullfrog skeletons (D:4)
  5 iguanas
  Terence (D:2)
  18 worker ants
  2 hound zombies
  A howler monkey zombie (D:11)
  3 worker ant zombies
  3 gnolls (D:5)
  A river rat (Sewer)
  15 adders
  2 shadow imps
  21 oozes
  An adder zombie (D:10)
  An adder skeleton (D:6)
  7 worms
  A dart slug (D:2)
  9 leopard geckos
  30 orcs
  10 bats
  8 giant cockroaches
  11 goblins
  12 hobgoblins
  16 jackals
  11 kobolds
  2 quokkas
  8 ball pythons
  A ball python skeleton (D:4)
  3 frilled lizards
  9 rats
  3 fungi
362 creatures vanquished.

Vanquished Creatures (collateral kills)
  A spiny frog (Lair:1)
  Prince Ribbit (D:6)
  4 yaks
  2 vampire mosquitoes (D:11)
  A water moccasin (Lair:1)
  An ice beast (D:8)
  2 big kobolds
  A bullfrog (D:7)
  A jelly (D:5)
  3 crimson imps
  2 hounds
  A killer bee zombie (D:6)
  A howler monkey zombie (D:5)
  A jackal (D:6)
  A quokka (D:4)
  A ball python skeleton (D:4)
24 creatures vanquished.

Vanquished Creatures (others)
  A wizard (D:9)
  Menkaure (D:6)
  3 fungi
5 creatures vanquished.

Grand Total: 391 creatures vanquished

Notes
Turn   | Place    | Note
-------+----------+-------------------------------------------
     0 | D:1      | sankara the Mummy Necromancer began the quest for the Orb.
     0 | D:1      | Reached XP level 1. HP: 13/13 MP: 4/4
    21 | D:1      | Learned a level 1 spell: Animate Skeleton
    76 | D:1      | Reached skill level 3 in Spellcasting
   106 | D:1      | Reached XP level 2. HP: 9/19 MP: 0/6
   684 | D:2      | Reached XP level 3. HP: 19/24 MP: 0/8
  1100 | D:2      | Noticed Terence
  1358 | D:2      | Reached skill level 4 in Spellcasting
  1643 | D:2      | Reached XP level 4. HP: 30/30 MP: 6/10
  1992 | D:2      | Learned a level 3 spell: Vampiric Draining
  1997 | D:2      | Learned a level 4 spell: Animate Dead
  1998 | D:2      | Reached skill level 5 in Necromancy
  2127 | D:2      | Found a basalt altar of Yredelemnul.
  2377 | D:3      | Found an ancient bone altar of Kikubaaqudgha.
  2390 | D:3      | Became a worshipper of Kikubaaqudgha
  2448 | D:3      | Found a glowing drain.
  2552 | Sewer    | Entered a sewer
  2571 | Sewer    | Noticed a big kobold
  2580 | Sewer    | Killed a big kobold
  2580 | Sewer    | Reached skill level 5 in Spellcasting
  2580 | Sewer    | Reached XP level 5. HP: 29/35 MP: 2/12
  2586 | Sewer    | HP: 2/35 [worm (11)]
  3003 | Sewer    | Reached XP level 6. HP: 39/41 MP: 10/14
  3083 | Sewer    | Reached * piety under Kikubaaqudgha
  3083 | Sewer    | Identified Kikubaaqudgha's Compendium of Dark Magic (Kikubaaqudgha gifted it to you in a sewer)
  3083 | Sewer    | Received a gift from Kikubaaqudgha
  3088 | Sewer    | Learned a level 2 spell: Corpse Rot
  3228 | Sewer    | Reached skill level 6 in Spellcasting
  3228 | Sewer    | Reached skill level 6 in Necromancy
  3796 | D:3      | Reached ** piety under Kikubaaqudgha
  3939 | D:3      | Found a white marble altar of Elyvilon.
  3987 | D:3      | Found a sacrificial altar of Ru.
  4688 | D:4      | Reached XP level 7. HP: 13/46 MP: 14/17
  5004 | D:4      | Found a hide-covered altar of Uskayaw.
  5053 | D:4      | Found a staircase to the Ecumenical Temple.
  5058 | Temple   | Entered the Ecumenical Temple
  5432 | D:4      | HP: 7/46 [centaur (7)]
  5433 | D:4      | Reached skill level 7 in Spellcasting
  5784 | D:4      | HP: 10/46 [bullfrog skeleton (6)]
  5789 | D:4      | HP: 3/46 [bullfrog skeleton (3)]
  5790 | D:4      | HP: 1/46 [bullfrog skeleton (2)]
  5791 | D:4      | Reached skill level 7 in Necromancy
  6117 | D:4      | HP: 8/46 [worker ant (6)]
  6772 | D:4      | Noticed Curus's ghost (novice MfTm)
  6790 | D:5      | Entered Level 5 of the Dungeon
  6970 | D:4      | Reached skill level 8 in Spellcasting
  7111 | D:5      | HP: 7/46 [gnoll/spear (10)]
  7282 | D:5      | Reached XP level 8. HP: 29/52 MP: 20/20
  7784 | D:5      | Found a deep blue altar of Sif Muna.
  7836 | D:5      | Reached skill level 8 in Necromancy
  7965 | D:5      | Found a blossoming altar of Fedhas.
  7965 | D:5      | Found a snail-covered altar of Cheibriados.
  8122 | D:5      | Noticed Edmund
  8220 | D:5      | Killed Edmund
  8220 | D:5      | Reached skill level 9 in Spellcasting
  8394 | D:6      | Found a radiant altar of Vehumet.
  8394 | D:6      | Found a glowing silver altar of Zin.
  8422 | D:6      | HP: 12/52 [ice beast (4)]
  8673 | D:6      | Noticed Prince Ribbit
  8683 | D:6      | Noticed Menkaure
  8950 | D:6      | Reached skill level 9 in Necromancy
  8953 | D:6      | Reached *** piety under Kikubaaqudgha
  8953 | D:6      | Identified Kikubaaqudgha's Reference Book on Unholy Magic (Kikubaaqudgha gifted it to you on level 6 of the Dungeon)
  8953 | D:6      | Received a gift from Kikubaaqudgha
  8953 | D:6      | Reached skill level 10 in Spellcasting
  9077 | D:5      | Learned a level 5 spell: Agony
  9083 | D:5      | Learned a level 5 spell: Dispel Undead
  9098 | D:4      | Killed Curus's ghost
  9098 | D:4      | Reached XP level 9. HP: 47/57 MP: 7/23
  9432 | D:2      | Killed Terence
  9557 | D:6      | Found a stormy altar of Qazlal.
  9701 | D:6      | Killed Prince Ribbit
 10077 | D:6      | Noticed Pikel
 10096 | D:6      | Killed Pikel
 10096 | D:6      | Reached skill level 11 in Spellcasting
 10096 | D:6      | Reached skill level 10 in Necromancy
 10116 | D:6      | Found a shadowy altar of Dithmenos.
 10303 | D:6      | Killed Menkaure
 10401 | D:6      | Found an iron altar of Okawaru.
 10749 | D:7      | Found an opulent altar of Gozag.
 10860 | D:7      | Found Gozag's Platinum Reserve.
 10935 | D:7      | Reached skill level 12 in Spellcasting
 10950 | D:7      | HP: 11/57 [killer bee (7)]
 11310 | D:7      | Reached XP level 10. HP: 63/63 MP: 13/26
 11355 | D:7      | Reached **** piety under Kikubaaqudgha
 11371 | D:7      | Learned a level 5 spell: Bolt of Draining
 11377 | D:7      | Learned a level 5 spell: Borgnjor's Vile Clutch
 11585 | D:7      | Noticed Joseph
 11612 | D:7      | HP: 7/63 [orc priest/divine providence (15)]
 12128 | D:7      | Killed Joseph
 12128 | D:7      | Reached skill level 1 in Conjurations
 12128 | D:7      | Reached skill level 1 in Earth Magic
 12772 | D:7      | Reached skill level 2 in Conjurations
 12772 | D:7      | Reached skill level 2 in Earth Magic
 13074 | D:7      | Got a shadowed robe
 13085 | D:7      | Identified the +3 robe of Mirth {MR+ Str+6} (You found it on level 7 of the Dungeon)
 13087 | D:7      | Identified the Compendium of the Cloudy Volcanoes
 13090 | D:7      | Got a steaming ring mail
 13551 | D:7      | Found a runed door.
 13555 | D:7      | Noticed Crazy Yiuf
 13558 | D:7      | Killed Crazy Yiuf
 13689 | D:8      | Reached skill level 3 in Conjurations
 13689 | D:8      | Reached skill level 3 in Earth Magic
 13993 | D:8      | Noticed a two-headed ogre
 14002 | D:8      | Killed a two-headed ogre
 14007 | D:8      | Reached skill level 4 in Earth Magic
 14021 | D:8      | Reached skill level 4 in Conjurations
 14698 | D:9      | Found a bloodstained altar of Trog.
 15227 | D:9      | Found a staircase to the Orcish Mines.
 15234 | D:9      | Noticed a two-headed ogre
 15353 | D:9      | Killed a two-headed ogre
 15353 | D:9      | Reached skill level 5 in Conjurations
 15353 | D:9      | Reached skill level 5 in Earth Magic
 15353 | D:9      | Reached XP level 11. HP: 64/68 MP: 14/27
 15566 | D:9      | Reached skill level 1 in Fighting
 15627 | D:9      | Noticed Erolcha
 15635 | D:9      | Killed Erolcha
 15635 | D:9      | Reached skill level 3 in Fighting
 15853 | D:9      | Noticed a wizard
 15859 | D:9      | Killed a wizard
 15906 | D:9      | Found a staircase to the Lair.
 16235 | D:10     | Entered Level 10 of the Dungeon
 16264 | D:10     | Reached skill level 4 in Fighting
 16474 | D:10     | Noticed a two-headed ogre
 16481 | D:10     | Killed a two-headed ogre
 16481 | D:10     | Reached skill level 5 in Fighting
 16681 | D:10     | Reached skill level 1 in Shields
 17106 | D:10     | Reached skill level 2 in Shields
 17518 | D:10     | Reached ***** piety under Kikubaaqudgha
 17522 | D:10     | Reached skill level 3 in Shields
 17771 | D:10     | Got a warped hunting sling
 17772 | D:10     | Identified the cursed +2 hunting sling of Bile {freeze, rPois SInv} (You found it on level 10 of the Dungeon)
 17858 | D:10     | You fall through a shaft!
 17967 | D:11     | Noticed a green ugly thing
 17981 | D:11     | HP: 16/79 [hornet (4)]
 18356 | D:10     | Reached skill level 2 in Dodging
 18700 | D:10     | HP: 18/79 [troll (12)]
 18703 | D:10     | Reached skill level 4 in Shields
 18707 | D:10     | Killed a green ugly thing
 18707 | D:10     | Reached skill level 3 in Dodging
 19266 | D:11     | Reached skill level 4 in Dodging
 19278 | D:11     | HP: 18/79 [vampire mosquito (5)]
 19551 | D:11     | Found Ysovarph's Book Shop.
 19803 | D:11     | Reached skill level 5 in Dodging
 19813 | D:11     | Reached skill level 2 in Stealth
 20100 | Lair:1   | Entered Level 1 of the Lair of Beasts
 20522 | Lair:1   | Noticed an eight-headed hydra
 20530 | Lair:1   | Killed an eight-headed hydra
 20530 | Lair:1   | Reached skill level 3 in Stealth
 20530 | Lair:1   | Reached XP level 12. HP: 50/86 MP: 3/28
 20821 | Lair:1   | Reached skill level 4 in Stealth
 20868 | Lair:1   | Noticed Harold
 20885 | Lair:1   | Killed Harold
 21073 | Lair:1   | Reached skill level 5 in Stealth
 22826 | Lair:2   | Reached skill level 6 in Conjurations
 22826 | Lair:2   | Reached skill level 6 in Earth Magic
 22903 | Lair:2   | Reached skill level 11 in Necromancy
 22996 | Lair:2   | Found a staircase to the Shoals.
 23335 | Lair:2   | Noticed Gastronok
 23351 | Lair:2   | HP: 18/86 [Gastronok/the air (19)]
 23360 | Lair:2   | HP: 11/86 [worker ant (5)]
 23369 | Lair:2   | Killed from afar by Gastronok

Vault maps used:
D:1:      saegor_arrival_simple_a
D:2:      minmay_wonky_spiral, lemuel_coloured_pillars_altar, first_ration,
          minmay_tetromino_s4, uniq_terence
D:3:      old_standard_altar, kiku_gazebo_pond_becter, gup_sewer_entry_pipe,
          nicolae_ru_great_annihilating_truth
D:4:      kennysheep_spiral_hall, old_standard_altar, temple_doors_e
D:5:      lemuel_blue_sif_altar, amethyst_overflow_temple_binary,
          eino_curves_04, uniq_edmund
D:6:      okawaru_gym_becter, old_standard_altar,
          gammafunk_temple_overflow_elements, minmay_ruined_shrine,
          uniq_prince_ribbit1, uniq_menkaure, uniq_pikel
D:7:      minmay_the_grid_octo_triangle, nicolae_gozag_zags_fifth_avenue,
          uniq_joseph, uniq_crazy_yiuf_cottage
D:8:      blue_anna_alchemist
D:9:      lair_entry_dummy, david_orc_2, trog_wizard, uniq_erolcha
D:11:     serial_shops, shop
Temple:   compressed_dpeg_triangle_lava_temple
Lair:1:   lemuel_slime, grunt_megastairs_4, uniq_harold
Lair:2:   minmay_shoals_entry_beasts, minmay_snake_entry_guardpost_small,
          minmay_another_anthill, uniq_gastronok, uniq_sonja
Sewer:    sewer_co_tree

Skill      XL: |  1  2  3  4  5  6  7  8  9 10 11 12 |
---------------+-------------------------------------+-----
Spellcasting   | 3 4 5 6 8 10 12 | 12.1
Necromancy     | 5 6 7 9 10 11 | 11.3
Conjurations   | 5 6 |  6.0
Earth Magic    | 5 6 |  6.0
Fighting       | 5 |  5.0
Shields        | 4 |  4.0
Dodging        | 5 |  5.0
Stealth        | 3 5 |  5.1

Action                   |  1- 3 |  4- 6 |  7- 9 | 10-12 || total
-------------------------+-------+-------+-------+-------++-------
Melee: Unarmed           |    37 |       |       |       ||    37
       Dagger            |    14 |    30 |    80 |       ||   124
       Falchion          |       |       |    20 |   109 ||   129
 Cast: Pain              |    67 |   190 |   187 |   303 ||   747
       Animate Skeleton  |    15 |    26 |    10 |       ||    51
       Animate Dead      |       |       |     4 |    48 ||    52
       Vampiric Draining |       |       |    18 |       ||    18
       Dispel Undead     |       |       |     5 |    22 ||    27
       Agony             |       |       |    26 |   147 ||   173
       Borgnjor's Vile C |       |       |       |    46 ||    46
       Bolt of Draining  |       |       |       |     9 ||     9
Invok: Receive Corpses   |       |       |     1 |     2 ||     3
  Use: Scroll            |       |     2 |     5 |     4 ||    11
Armor: Robe              |    17 |     7 |    29 |    35 ||    88
Dodge: Dodged            |    52 |    49 |   222 |   276 ||   599
Block: Buckler           |       |       |       |    16 ||    16
       Rpst.: Falchion   |       |       |    22 |    73 ||    95

Table legend:
 A = Spawn XP
 B = Non-spawn XP
 C = Spawn XP percentage of total XP
 D = Spawn monster count
 E = Non-spawn monster count
 F = Spawn count percentage of total count
 G = Total turns spent on level
                    A         B        C        D         E        F      G
               +---------+---------+-------+---------+---------+-------+---------
         Total |       0 |   28838 |   0.0 |       0 |     383 |   0.0 | 23369
               +---------+---------+-------+---------+---------+-------+---------
           D:1 |       0 |      25 |   0.0 |       0 |      15 |   0.0 |   652
           D:2 |       0 |     134 |   0.0 |       0 |      31 |   0.0 |  1712
           D:3 |       0 |     136 |   0.0 |       0 |      41 |   0.0 |  1313
           D:4 |       0 |    1156 |   0.0 |       0 |      23 |   0.0 |  2634
           D:5 |       0 |     716 |   0.0 |       0 |      22 |   0.0 |  1324
           D:6 |       0 |    2046 |   0.0 |       0 |      25 |   0.0 |  2547
           D:7 |       0 |    2836 |   0.0 |       0 |      43 |   0.0 |  1994
           D:8 |       0 |    1694 |   0.0 |       0 |      14 |   0.0 |  1173
           D:9 |       0 |    3782 |   0.0 |       0 |      25 |   0.0 |  1543
          D:10 |       0 |    4798 |   0.0 |       0 |      32 |   0.0 |  2744
          D:11 |       0 |    2741 |   0.0 |       0 |      24 |   0.0 |  1008
        Lair:1 |       0 |    6297 |   0.0 |       0 |      45 |   0.0 |  2631
        Lair:2 |       0 |    2093 |   0.0 |       0 |      15 |   0.0 |   638
         Sewer |       0 |     384 |   0.0 |       0 |      28 |   0.0 |  1140
               +---------+---------+-------+---------+---------+-------+---------

Vault maps used:
D:1:      saegor_arrival_simple_a
D:2:      minmay_wonky_spiral, lemuel_coloured_pillars_altar, first_ration,
          minmay_tetromino_s4, uniq_terence
D:3:      old_standard_altar, kiku_gazebo_pond_becter, gup_sewer_entry_pipe,
          nicolae_ru_great_annihilating_truth
D:4:      kennysheep_spiral_hall, old_standard_altar, temple_doors_e
D:5:      lemuel_blue_sif_altar, amethyst_overflow_temple_binary,
          eino_curves_04, uniq_edmund
D:6:      okawaru_gym_becter, old_standard_altar,
          gammafunk_temple_overflow_elements, minmay_ruined_shrine,
          uniq_prince_ribbit1, uniq_menkaure, uniq_pikel
D:7:      minmay_the_grid_octo_triangle, nicolae_gozag_zags_fifth_avenue,
          uniq_joseph, uniq_crazy_yiuf_cottage
D:8:      blue_anna_alchemist
D:9:      lair_entry_dummy, david_orc_2, trog_wizard, uniq_erolcha
D:11:     serial_shops, shop
Temple:   compressed_dpeg_triangle_lava_temple
Lair:1:   lemuel_slime, grunt_megastairs_4, uniq_harold
Lair:2:   minmay_shoals_entry_beasts, minmay_snake_entry_guardpost_small,
          minmay_another_anthill, uniq_gastronok, uniq_sonja
Sewer:    sewer_co_tree

Table legend:
 A = Turns spent in this place as a percentage of turns spent in the entire game.
 B = Non-inter-level travel turns spent in this place as a percentage of non-inter-level travel turns spent in the entire game.
 C = Inter-level travel turns spent in this place as a percentage of turns spent in this place.
 D = Turns resting spent in this place as a percentage of non-inter-level travel turns spent in this place.
 E = Turns spent auto-exploring this place as a percentage of non-inter-level travel turns spent in this place.
 F = Non-inter-level travel turns spent in this place divided by the number of levels of this place that you've seen.
                   A       B       C       D       E      F
               +-------+-------+-------+-------+-------+----------------------
         Total | 100.0 | 100.0 |   3.2 |  55.2 |  30.3 | 1508.3
       Dungeon |  79.8 |  79.5 |   3.6 |  55.4 |  30.3 | 1634.5
        Temple |   1.4 |   1.3 |   6.6 |   0.0 |  99.3 | 295.0
          Lair |  14.0 |  14.2 |   1.8 |  63.5 |  23.2 | 1604.5
         Sewer |   4.9 |   5.0 |   0.0 |  44.3 |  31.8 | 1140.0
               +-------+-------+-------+-------+-------+----------------------

Table legend:
 A = Kills in this place as a percentage of kills in entire the game.
 B = Kills by you in this place as a percentage of kills by you in the entire game.
 C = Kills by friends in this place as a percentage of kills by friends in the entire game.
 D = Other kills in this place as a percentage of other kills in the entire game.
 E = Experience gained in this place as a percentage of experience gained in the entire game.
 F = Experience gained in this place divided by the number of levels of this place that you have seen.
                   A       B       C       D       E      F
               +-------+-------+-------+-------+-------+----------------------
         Total | 100.0 | 100.0 | 100.0 |   N/A | 100.0 | 1922.5
       Dungeon |  77.0 |  76.6 |  83.3 |   N/A |  69.6 | 1824.0
          Lair |  15.7 |  15.9 |  12.5 |   N/A |  29.1 | 4195.0
         Sewer |   7.3 |   7.5 |   4.2 |   N/A |   1.3 | 384.0
               +-------+-------+-------+-------+-------+----------------------
